 Dungeon Crawl Stone Soup version bcrawl-1.21.3 (webtiles) character file.

Game seed: 76864498529797343

56 funkygono the Conjurer (level 3, 0/21 HPs)
             Began as a Fairy Conjurer on Apr 4, 2020.
             Killed from afar by Sigmund (6 damage)
             ... with a magic dart
             ... on level 2 of the Dungeon.
             The game lasted 00:03:25 (743 turns).

funkygono the Conjurer (Fairy Conjurer)              Turns: 743, Time: 00:03:26

Health: 0/21       AC:  4    Str:  6    XL:     3   Next: 97%
Magic:  6/9        EV: 23    Int: 19    God:
Gold:   131        SH:  4    Dex: 17    Spells: 2/8 levels left

rFire    . . .     SeeInvis .   h - +0 dagger
rCold    . . .     Gourm    .   (shield restricted)
rNeg     . . .     Faith    .   (armour unavailable)
rPois    .         Spirit   .   (no helmet)
rElec    .         Reflect  .   (no cloak)
rCorr    .         Harm     .   (no gloves)
MR       .....                  (no boots)
Stlth    ++........             (no amulet)
HPRegen  0.07/turn              (no ring)
MPRegen  0.11/turn              (no ring)

@: agile, flying evasively
A: small, magic attunement, unstealthy, unfitting armour, able to fly, AC/SH +4
a: Stop Flying


You were on level 2 of the Dungeon.
You were not hungry.

You visited 1 branch of the dungeon, and saw 2 of its levels.

You collected 131 gold pieces.

Inventory:

Hand Weapons
 h - a +0 dagger (weapon)
 m - a +0 vampiric dagger
Missiles
 d - 5 stones (quivered)
Scrolls
 k - a scroll of remove curse {unknown}
Potions
 b - a potion of magic
 i - a potion of mutation {unknown}
 j - a potion of degeneration {unknown}
 l - a potion of flight {unknown}
Comestibles
 a - 10 chunks of flesh
 e - 5 rations {!d}


   Skills:
 + Level 2.8 Dodging
 + Level 1.8 Stealth
 + Level 3.1 Spellcasting
 + Level 6.1 Conjurations


You had 2 spell levels left.
You knew the following spells:

 Your Spells              Type           Power        Failure   Level  Hunger
a - Magic Dart            Conj           ####         1%          1    None
b - Searing Ray           Conj           ####....     1%          2    None
c - Iskenderun's Mystic   Conj           ####....     3%          3    None

Your spell library contained the following spells:

 Spells                   Type           Power        Failure   Level  Hunger
 Fulminant Prism          Conj/Hex       ##........   38%         4    None
 Irradiate                Conj/Tmut      ##........   75%         5    None


Dungeon Overview and Level Annotations

Branches:
Dungeon (2/12)

Altars:

Annotations:
D:2 Sigmund


Innate Abilities, Weirdness & Mutations

Your spells do not cause hunger and MP costs are reduced by 1.
Your bright wings attract enemies. (Stealth-)
You cannot fit into any form of body armour.
Your shimmering scales are hard and can block incoming attacks. (AC +4, SH +4)
You are small and have problems with some larger weapons.
You can fly continuously.


Message History

It was a potion of agility.
You feel agile all of a sudden. Something misses you.
It was a potion of curing.
You feel better.
You feel less invigorated. Something hits you!
Casting: Searing Ray (safe; 1% risk of failure)
Confirm with . or Enter, or press ? or * to list all spells.
Aiming: Searing Ray (safe; 1% risk of failure)
Press: ? - help, Shift-Dir - straight line, f - frilled lizard
Aim: a frilled lizard The searing ray hits the frilled lizard!
You kill the frilled lizard! (Press . to maintain the ray.)
A magic dart appears from out of thin air!
The magic dart hits you.
* * * LOW HITPOINT WARNING * * *
The searing ray hits something!
A magic dart appears from out of thin air!
The magic dart hits you.
You die...

.............# ##.........#
.##.#.##..... >.........#
.##.......# ##.......##
..........#### #......÷.#
.............###.....#..#
........#.##.##...##.#{##
..............#..# #...#
.......#†.#.#.#..#####.##
................@..†....#
.......###........#...#.#
.......# ##...........#.##
......[####........##....#
............#.....#####..##.#
........#####..#..###....##.#
..<.....# ...........>#..##.#
........##.###...........##.#
...........#...#.#........#.#


There were no monsters in sight!

Vanquished Creatures
  An ooze (D:1)
  A worm (D:2)
  A dart slug (D:1)
  A leopard gecko (D:1)
  An orc (D:2)
  3 giant cockroaches
  6 goblins
  7 hobgoblins
  4 jackals
  A ball python (D:2)
  5 bats
  3 frilled lizards
  4 kobolds
  2 rats
40 creatures vanquished.

Notes
Turn   | Place    | Note
-------+----------+-------------------------------------------
     0 | D:1      | funkygono the Fairy Conjurer began the quest for the Orb.
     0 | D:1      | Reached XP level 1. HP: 11/11 MP: 6/6
    25 | D:1      | Reached skill level 5 in Conjurations
    68 | D:1      | Reached XP level 2. HP: 17/17 MP: 7/7
    80 | D:1      | Learned a level 2 spell: Searing Ray
   185 | D:1      | Reached XP level 3. HP: 21/21 MP: 7/9
   192 | D:1      | Learned a level 3 spell: Iskenderun's Mystic Blast
   585 | D:2      | Reached skill level 6 in Conjurations
   714 | D:2      | Noticed Sigmund
   743 | D:2      | Killed from afar by Sigmund

Skill      XL: |  1  2  3 |
---------------+----------+-----
Conjurations   | 5 6 |  6.1
Spellcasting   | 3 |  3.1
Dodging        | |  2.8
Stealth        | |  1.8

Action                   || total
-------------------------++-------
 Cast: Magic Dart        ||    85
       Searing Ray       ||     3
  Use: Potion            ||     3
       Scroll            ||     2
Armor: Skin              ||     3
Dodge: Dodged            ||    19
Block: Other             ||     2
